 Dungeon Crawl Stone Soup version 0.30.0-29-ga12c61a403 (webtiles) character file.

Game seed: 4124175869365394869

57356 javelincjr the Thaumaturge (level 14, -2/98 HPs)
             Began as a Gnoll Summoner on June 7, 2023.
             Was the Champion of Vehumet.
             Slain by an earth elemental (18 damage)
             ... summoned by a deep elf elementalist
             ... on level 3 of the Abyss on June 8, 2023.
             The game lasted 02:49:46 (16703 turns).

javelincjr the Thaumaturge (Gnoll Summoner)        Turns: 16703, Time: 02:49:47

Health: -2/98      AC: 16    Str: 14    XL:     14   Next: 85%
Magic:  28/28      EV:  9    Int: 30    God:    Vehumet [******]
Gold:   2217       SH:  0    Dex:  9    Spells: 15/34 levels left

rFire   + + .        r - +7 great mace "Firestarter" {flame, immolate, rFlCloud rF++}
rCold   + . .        (shield currently unavailable)
rNeg    + . .        l - +0 chain mail of Activism {Str+2 Int+2 Dex-2 Slay+3}
rPois   .            v - +2 helmet
rElec   .            a - scarf {repulsion}
rCorr   .            (no gloves)
SInv    +            y - +2 pair of boots
Will    +....        J - amulet "Jilox" {RegenMP +Blink rC+ Stlth+} Stlth
                     w - ring of the Everdark {rN+ Str+6 Int+3}
HPRegen 0.36/turn    M - ring of see invisible
MPRegen 0.61/turn

%: repel missiles
@: confused, mighty, hasted, very quick
A: fangs 1, strong nose, distributed training, iridescent scales 1, clever 1,
deformed body, frail 1
a: Renounce Religion, Evoke Blink


You were on level 3 of the Abyss.
You worshipped Vehumet.
Vehumet was exalted by your worship.
You visited 2 branches of the dungeon, and saw 15 of its levels.
You visited the Abyss 1 time.
You also visited: Bailey and Ice Cave.

You collected 2217 gold pieces.

Inventory:

Hand Weapons
 r - the +7 great mace "Firestarter" (weapon) {flame, immolate, rFlCloud rF++}
   (You found it on level 10 of the Dungeon)

   rFlCloud:  It grants immunity to clouds of flame.
   rF:        It greatly protects you from fire.
 Q - a +1 sling of draining
 W - a +1 whip of distortion
Armour
 a - a scarf of repulsion (worn)
 h - an orb of energy
 l - the +0 chain mail of Activism (worn) {Str+2 Int+2 Dex-2 Slay+3}
   (You found it in an ice cave)

   Str:       It affects your strength (+2).
   Int:       It affects your intelligence (+2).
   Dex:       It affects your dexterity (-2).
   Slay:      It affects your accuracy & damage with ranged weapons and melee
   (+3).
 v - a +2 helmet (worn)
 y - a +2 pair of boots (worn)
 Y - a +0 troll leather armour
Jewellery
 p - a +6 ring of strength
 s - a ring of willpower
 t - a ring of protection from cold
 w - the ring of the Everdark (left hand) {rN+ Str+6 Int+3}
   (You found it in an ice cave)

   [ring of positive energy]

   Str:       It affects your strength (+6).
   Int:       It affects your intelligence (+3).
   rN:        It protects you from negative energy.
 H - a ring of fire
 J - the amulet "Jilox" (around neck) {RegenMP +Blink rC+ Stlth+}
   (You found it on level 6 of the Dungeon)

   [amulet of magic regeneration]

   It increases your rate of magic regeneration.
   rC:        It protects you from cold.
   +Blink:    It lets you blink.
   Stlth:     It makes you more stealthy.
 K - the amulet "Geroepad" {rC+ Will- Regen+ Stlth+}
   (You found it on level 7 of the Dungeon)

   [amulet of regeneration]

   rC:        It protects you from cold.
   Regen:     It increases your rate of health regeneration.
   Will:      It decreases your willpower.
   Stlth:     It makes you more stealthy.
 M - a ring of see invisible (right hand)
 N - an amulet of faith
 O - a ring of ice
 R - the ring "Qosios" {rElec rPois rN+++ MP-9 EV+5}
   (You found it on level 7 of the Dungeon)

   [ring of evasion]

   EV:        It affects your evasion (+5).
   rElec:     It insulates you from electricity.
   rPois:     It protects you from poison.
   rN:        It renders you almost immune to negative energy.
   MP:        It affects your magic capacity (-9).
 S - a ring of protection from fire
 T - a ring of flight
Wands
 m - a wand of digging (5)
 I - a wand of polymorph (7)
 P - a wand of roots (12)
 V - a wand of flame (11)
 Z - a wand of paralysis (10)
Scrolls
 c - 4 scrolls of fear
 f - 6 scrolls of teleportation
 g - 4 scrolls of magic mapping
 i - 3 scrolls of fog
 k - 8 scrolls of enchant weapon
 o - a scroll of brand weapon
 q - 2 scrolls of immolation {unknown}
 u - 2 scrolls of identify
 x - 5 scrolls of blinking
 A - a scroll of poison {unknown}
 D - 2 scrolls of vulnerability {unknown}
Potions
 b - 4 potions of magic
 d - 5 potions of haste
 e - 3 potions of lignification
 j - a potion of might
 n - 4 potions of curing
 z - 5 potions of mutation
 C - 3 potions of flight {unknown}
 E - 3 potions of brilliance
 F - 2 potions of invisibility {unknown}
 G - 2 potions of ambrosia {unknown}
 L - a potion of attraction {unknown}
 X - 2 potions of cancellation {unknown}
Miscellaneous
 U - a phial of floods


   Skills:
 + Level 9.7 Fighting
 + Level 9.7 Short Blades
 + Level 9.7 Long Blades
 + Level 9.7 Axes
 + Level 9.7 Maces & Flails
 + Level 9.7 Polearms
 + Level 9.7 Staves
 + Level 9.7 Ranged Weapons
 + Level 9.7 Throwing
 + Level 9.7 Armour
 + Level 10.8 Dodging
 + Level 10.6 Stealth
 + Level 9.7 Shields
 + Level 9.7 Unarmed Combat
 + Level 10.9 Spellcasting
 + Level 8.1 Conjurations
 + Level 8.1 Hexes
 + Level 10.8 Summonings
 + Level 8.1 Necromancy
 + Level 8.1 Translocations
 + Level 8.1 Transmutations
 + Level 8.1 Fire Magic
 + Level 8.1 Ice Magic
 + Level 8.1 Air Magic
 + Level 8.1 Earth Magic
 + Level 8.1 Poison Magic
 + Level 10.6 Invocations
 + Level 9.7 Evocations


You had 15 spell levels left.
You knew the following spells:

 Your Spells              Type           Power      Damage    Failure   Level
a - Plasma Beam           Fire/Air       30%        2x1d47    41%         6
b - Foxfire               Conj/Fire      100%       2x1d9     1%          1
c - Call Imp              Summ           100%       N/A       1%          2
d - Call Canine Familiar  Summ           69%        N/A       1%          3
e - Summon Guardian Gole  Hex/Summ       65%        N/A       1%          3
f - Passage of Golubria   Tloc           60%        N/A       12%         4

Your spell library contained the following spells:

 Spells                   Type           Power      Damage    Failure   Level
 Olgreb's Toxic Radiance  Pois           60%        N/A       3%          4
 Magic Dart               Conj           100%       1d8       1%          1
 Shock                    Conj/Air       100%       1d9       1%          1
 Summon Small Mammal      Summ           100%       N/A       1%          1
 Blink                    Tloc           100%       N/A       1%          2
 Lesser Beckoning         Tloc           100%       N/A       1%          2
 Momentum Strike          Conj/Tloc      100%       3d10      1%          2
 Searing Ray              Conj           100%       2d8       1%          2
 Stone Arrow              Conj/Erth      100%       3d13      1%          3
 Swiftness                Air            60%        N/A       3%          3
 Vhi's Electric Charge    Tloc/Air       100%       N/A       3%          3
 Airstrike                Air            30%        2d(5-21)  3%          4
 Fulminant Prism          Conj/Hex       30%        3d15      3%          4
 Animate Armour           Summ/Erth      100%       N/A       6%          4
 Summon Lightning Spire   Summ/Air       65%        N/A       6%          4
 Arcjolt                  Conj/Air       30%        1d40      9%          5
 Silence                  Hex/Air        30%        N/A       32%         5
 Lehudib's Crystal Spear  Conj/Erth      30%        10d8      100%        8


Dungeon Overview and Level Annotations

Branches:
Dungeon (14/15)            Temple (1/1) D:4            Lair (0/5) D:9
    Orc (0/2) D:9          Vaults (0/5) D:13         Bailey (visited)
  IceCv (visited)

Altars:
Ashenzari
Cheibriados
Dithmenos
Elyvilon
Fedhas
Gozag
Hepliaklqana
Kikubaaqudgha
Makhleb
Nemelex Xobeh
Okawaru
Qazlal
Ru
Sif Muna
Trog
Uskayaw
Vehumet
Wu Jian
Xom
Yredelemnul
Zin
The Shining One
Lugonu

Shops:
D:7 :

Annotations:
D:11 , Stash


Innate Abilities, Weirdness & Mutations

You have very sharp teeth.
Your uncanny sense of smell can sniff out nearby items.
Your experience applies equally to all skills.
You are partially covered in iridescent scales. (AC +2)
Your mind is acute. (Int +4, Str/Dex -1)
Armour fits poorly on your strangely shaped body.
You are frail. (-10% HP)


Message History

The fiery explosion engulfs the earth elemental.
The earth elemental completely resists.
The fiery explosion engulfs the raiju!!
You kill the raiju!
Vehumet accepts your kill. The fiery explosion engulfs you! You resist.
A starcursed mass splits.
The golden eye blinks at you. You resist with some effort.
The golden eye blinks!
You hit the earth elemental.
The earth elemental is filled with an inner flame.
The earth elemental is lightly damaged.
The deep elf elementalist gestures at you while chanting.
Some walls begin to move on their own!
The golden eye is engulfed in blazing flames.
The golden eye blinks at you. You resist with some effort.
The golden eye blinks at you.
You are more confused.
The golden eye blinks! x2; The earth elemental hits you!!
* * * LOW HITPOINT WARNING * * *
You sock the earth elemental!
Flame seeps out of the earth elemental.
The earth elemental is heavily damaged.
The golden eye is engulfed in blazing flames.
You kill the golden eye!
Vehumet accepts your kill. The golden eye blinks at you.
You are more confused.
The golden eye blinks at you.
You feel better.
The earth elemental's inner flame fades away.
The golden eye blinks at you.
You easily resist.
The golden eye blinks at you.
You are confused.
The earth elemental barely misses you.
It was a potion of might.
You feel very mighty all of a sudden. The earth elemental hits you.
* * * LOW HITPOINT WARNING * * *
The earth elemental hits you!!
You die...

. # ### ###x
..# ....#
#.........XEX
.# .. # #.##W
## ##E##.#
#.# #.#
##..... .
#W... #.#
.XX...... ..
. #.heh......
. .. #.. .
###§##'# #.
## ... .
##§E#.#
####.## #
#E@# #
.#.....G.EG#
#........##
.........
...§...G. ##
..........
..........
......#....


You could see 4 starcursed masses, a deep elf elementalist (fast, repels
missiles), 5 earth elementals, 2 raiju and 3 golden eyes.

Vanquished Creatures
  A lich (Abyss:3)
  A lorocyproca (Abyss:3)
  Harold (D:9)
  A boulder beetle (D:13)
  A deep elf pyromancer (D:13)
  6 cyclopes
  3 ugly things
  A manticore (D:12)
  A smoke demon (Abyss:3)
  2 ice statues (IceCv)
  A gargoyle (D:11)
  2 unseen horrors
  A large abomination (Abyss:3)
  2 rime drakes (IceCv)
  3 trolls
  A raiju (shapeshifter) (D:13)
  9 slime creatures
  2 raiju (Abyss:3)
  2 shadows
  3 yaks (D:8)
  4 wraiths
  A wyvern (D:8)
  2 fire bats (D:10)
  Eustachio (D:6)
  3 golden eyes (Abyss:3)
  A neqoxec (Abyss:3)
  5 vampire mosquitoes
  A water moccasin (D:7)
  3 orc warriors (Bailey)
  A tengu (shapeshifter) (D:11)
  4 centaurs
  2 small abominations
  A phantom (D:5)
  4 kobold brigands
  2 bullfrogs (D:8)
  7 scorpions
  3 lindwurm simulacra (IceCv)
  4 killer bees (D:10)
  A howler monkey (D:9)
  2 iron imps (D:3)
  2 jellies (D:7)
  5 komodo dragon simulacra (IceCv)
  3 orc priests
  2 iguanas (D:4)
  Terence (D:2)
  An orc wizard (D:9)
  An ogre zombie (D:9)
  3 gnolls
  3 acid dragon simulacra (IceCv)
  3 adders
  A shadow imp (Abyss:3)
  A white imp (Abyss:3)
  4 steam dragon simulacra (IceCv)
  4 dart slugs
  12 orcs
  5 ball pythons
  8 bats
  8 endoplasms
  A giant cockroach (D:1)
  A giant cockroach (shapeshifter) (D:13)
  9 goblins
  6 hobgoblins
  2 jackals (D:2)
  3 quokkas
  4 frilled lizards
  12 kobolds
  An orc zombie (D:9)
  5 rats
207 creatures vanquished.

Vanquished Creatures (collateral kills)
  A tentacled starspawn (Abyss:3)
  A white draconian (IceCv)
  A fire dragon (D:10)
  A centaur warrior (D:14)
  2 two-headed ogres
  A boulder beetle (D:12)
  An orc knight (Bailey)
  A deep elf pyromancer (D:14)
  A cyclops (D:13)
  A manticore (D:13)
  Maggie (D:7)
  A gargoyle (D:14)
  A komodo dragon (D:9)
  3 trolls
  A meliai (shapeshifter) (D:13)
  Prince Ribbit (D:7)
  2 slime creatures
  2 wraiths
  A vampire (D:10)
  A wyvern (D:9)
  2 yaks (D:8)
  A human (shapeshifter) (D:14)
  A fire elemental (D:10)
  3 fire bats (D:10)
  Menkaure (D:7)
  An acid dragon (D:10)
  3 orc warriors (Bailey)
  An ice beast (D:7)
  3 centaurs
  A kobold brigand (D:9)
  2 scorpions (D:6)
  2 wights (D:7)
  2 killer bees
  A lindwurm simulacrum (IceCv)
  2 howler monkeys (D:9)
  A jelly (D:7)
  A komodo dragon simulacrum (IceCv)
  4 orc priests
  Crazy Yiuf (D:3)
  4 hounds
  An iron imp (D:3)
  2 iguanas
  3 orc wizards (D:13)
  5 sleepcaps
  4 ogre zombies (D:9)
  Robin (D:3)
  An acid dragon simulacrum (IceCv)
  4 gnolls
  5 adders
  A shadow imp (D:7)
  An ufetubus (D:4)
  A steam dragon simulacrum (IceCv)
  2 worms (D:4)
  2 dart slugs
  17 orcs
  2 ball pythons (D:4)
  4 bats
  An endoplasm (D:2)
  A giant cockroach (D:1)
  5 goblins
  4 hobgoblins (D:3)
  A jackal (D:2)
  18 kobolds
  2 quokkas
  3 goblin zombies (D:9)
  A hobgoblin zombie (D:9)
  An orc skeleton (D:9)
  5 orc zombies (D:9)
  A spectral goblin (D:1)
  A foxfire (D:9)
162 creatures vanquished.

Vanquished Creatures (others)
  Agnes (D:14)
  A very ugly thing (Abyss:3)
  A centaur warrior (D:13)
  A two-headed ogre (D:13)
  A large abomination (D:11)
  An orc knight (Bailey)
  2 ugly things
  A manticore (D:11)
  A cyclops (D:7)
  A cane toad (shapeshifter) (D:11)
  A gargoyle (D:7)
  A komodo dragon (D:7)
  2 rime drakes (IceCv)
  3 meliai (D:14)
  4 slime creatures
  A shadow (D:9)
  A yak (D:7)
  A starcursed mass (Abyss:3)
  A wyvern (D:9)
  A basilisk (D:14)
  An acid dragon (D:11)
  A water moccasin (D:7)
  3 orc warriors
  2 centaurs (D:7)
  2 gnoll sergeants
  2 wights (D:7)
  A troll zombie (D:9)
  A lindwurm simulacrum (IceCv)
  A komodo dragon simulacrum (IceCv)
  An orc wizard (D:10)
  A small abomination (D:11)
  2 ogre zombies (D:9)
  3 orcs
  2 hobgoblin skeletons (D:9)
  3 hobgoblin zombies (D:9)
  An orc skeleton (D:9)
  8 orc zombies (D:9)
  797 foxfires
  A lurking horror (Abyss:3)
  2 starspawn tentacles (Abyss:3)
862 creatures vanquished.

Grand Total: 1231 creatures vanquished

Notes
Turn   | Place    | Note
-------+----------+-------------------------------------------
     0 | D:1      | javelincjr the Gnoll Summoner began the quest for the Orb.
     0 | D:1      | Reached XP level 1. HP: 13/13 MP: 6/6
   214 | D:1      | Found a faded altar of an unknown god.
   240 | D:1      | Prayed at the altar of an unknown god.
   240 | D:1      | Became a worshipper of Vehumet
   240 | D:1      | Reached * piety under Vehumet
   240 | D:1      | Offered knowledge of Foxfire by Vehumet.
   243 | D:1      | Learned a level 1 spell: Foxfire
   246 | D:1      | Reached XP level 2. HP: 19/19 MP: 3/7
   610 | D:1      | Reached skill level 5 in Spellcasting
   610 | D:1      | Reached XP level 3. HP: 16/25 MP: 5/9
  1233 | D:2      | Reached skill level 1 in Invocations
  1327 | D:2      | Noticed Terence
  1394 | D:2      | Killed Terence
  1395 | D:2      | Reached skill level 1 in Fighting
  1395 | D:2      | Reached skill level 1 in Short Blades
  1395 | D:2      | Reached skill level 1 in Long Blades
  1395 | D:2      | Reached skill level 1 in Axes
  1395 | D:2      | Reached skill level 1 in Maces & Flails
  1395 | D:2      | Reached skill level 1 in Polearms
  1395 | D:2      | Reached skill level 1 in Staves
  1395 | D:2      | Reached skill level 1 in Ranged Weapons
  1395 | D:2      | Reached skill level 1 in Throwing
  1395 | D:2      | Reached skill level 1 in Armour
  1395 | D:2      | Reached skill level 1 in Shields
  1395 | D:2      | Reached skill level 1 in Unarmed Combat
  1395 | D:2      | Reached skill level 1 in Evocations
  1395 | D:2      | Reached XP level 4. HP: 18/32 MP: 0/11
  1992 | D:2      | Reached skill level 1 in Conjurations
  1992 | D:2      | Reached skill level 1 in Hexes
  1992 | D:2      | Reached skill level 1 in Necromancy
  1992 | D:2      | Reached skill level 1 in Translocations
  1992 | D:2      | Reached skill level 1 in Transmutations
  1992 | D:2      | Reached skill level 1 in Fire Magic
  1992 | D:2      | Reached skill level 1 in Ice Magic
  1992 | D:2      | Reached skill level 1 in Air Magic
  1992 | D:2      | Reached skill level 1 in Earth Magic
  1992 | D:2      | Reached skill level 1 in Poison Magic
  2088 | D:2      | Learned a level 2 spell: Call Imp
  2286 | D:2      | Reached ** piety under Vehumet
  2518 | D:3      | Offered knowledge of Freeze by Vehumet.
  2586 | D:3      | Found a runed translucent door.
  2587 | D:3      | Noticed Crazy Yiuf
  2609 | D:3      | Killed Crazy Yiuf
  2610 | D:3      | Reached XP level 5. HP: 22/37 MP: 3/12
  2763 | D:3      | Noticed Robin
  2793 | D:3      | Killed Robin
  3129 | D:3      | Found a burning altar of Makhleb.
  3179 | D:3      | Reached XP level 6. HP: 16/44 MP: 4/14
  3423 | D:3      | Reached skill level 5 in Dodging
  4314 | D:4      | Learned a level 3 spell: Call Canine Familiar
  4381 | D:4      | Reached XP level 7. HP: 51/51 MP: 15/15
  4384 | D:4      | Offered knowledge of Ignite Poison by Vehumet.
  4901 | D:4      | Found a staircase to the Ecumenical Temple.
  4912 | Temple   | Entered the Ecumenical Temple
  5024 | D:5      | Entered Level 5 of the Dungeon
  5355 | D:5      | Reached skill level 5 in Stealth
  5758 | D:5      | Reached *** piety under Vehumet
  6049 | D:6      | Identified the amulet "Jilox" {RegenMP +Blink rC+ Stlth+}
  6079 | D:6      | Reached XP level 8. HP: 54/58 MP: 11/16
  6258 | D:6      | Noticed Eustachio
  6272 | D:6      | Killed Eustachio
  6440 | D:6      | Offered knowledge of Volatile Blastmotes by Vehumet.
  7306 | D:7      | Reached XP level 9. HP: 65/65 MP: 13/18
  7505 | D:7      | Reached **** piety under Vehumet
  7508 | D:7      | Noticed Maggie
  7600 | D:7      | Gained mutation: You are partially covered in iridescent
                  | scales. (AC +2) [potion of mutation]
  7600 | D:7      | Gained mutation: Armour fits poorly on your strangely
                  | shaped body. [potion of mutation]
  7600 | D:7      | Gained mutation: Your mind is acute. (Int +4, Str/Dex -1)
                  | [potion of mutation]
  7601 | D:7      | Killed Maggie
  7863 | D:7      | Noticed Prince Ribbit
  7870 | D:7      | Learned a level 3 spell: Summon Guardian Golem
  7880 | D:7      | Killed Prince Ribbit
  7924 | D:7      | Noticed a komodo dragon
  7935 | D:7      | Reached skill level 5 in Invocations
  7935 | D:7      | Killed a komodo dragon
  8103 | D:7      | Reached skill level 5 in Fighting
  8103 | D:7      | Reached skill level 5 in Short Blades
  8103 | D:7      | Reached skill level 5 in Long Blades
  8103 | D:7      | Reached skill level 5 in Axes
  8103 | D:7      | Reached skill level 5 in Maces & Flails
  8103 | D:7      | Reached skill level 5 in Polearms
  8103 | D:7      | Reached skill level 5 in Staves
  8103 | D:7      | Reached skill level 5 in Ranged Weapons
  8103 | D:7      | Reached skill level 5 in Throwing
  8103 | D:7      | Reached skill level 5 in Armour
  8103 | D:7      | Reached skill level 5 in Shields
  8103 | D:7      | Reached skill level 5 in Unarmed Combat
  8103 | D:7      | Reached skill level 5 in Evocations
  8103 | D:7      | Reached XP level 10. HP: 74/74 MP: 20/20
  8113 | D:7      | Found Hush's Self-Improvement Boutique.
  8118 | D:7      | Offered knowledge of Hailstorm by Vehumet.
  8362 | D:7      | Identified the amulet "Geroepad" {rC+ Will- Regen+ Stlth+}
  8476 | D:7      | Noticed a cyclops
  8487 | D:7      | Killed a cyclops
  8492 | D:7      | Identified the ring "Qosios" {rElec rPois rN+++ MP-9 EV+5}
  8628 | D:7      | Noticed a gargoyle
  8647 | D:7      | Killed a gargoyle
  8651 | D:7      | Noticed Menkaure
  8653 | D:7      | Killed Menkaure
  8792 | D:7      | Identified the +4 sling "Luveon" {flame, rPois rN+ Str+2}
  9217 | D:8      | Found a glowing silver altar of Zin.
  9304 | D:8      | Reached skill level 5 in Conjurations
  9304 | D:8      | Reached skill level 5 in Hexes
  9304 | D:8      | Reached skill level 5 in Necromancy
  9304 | D:8      | Reached skill level 5 in Translocations
  9304 | D:8      | Reached skill level 5 in Transmutations
  9304 | D:8      | Reached skill level 5 in Fire Magic
  9304 | D:8      | Reached skill level 5 in Ice Magic
  9304 | D:8      | Reached skill level 5 in Air Magic
  9304 | D:8      | Reached skill level 5 in Earth Magic
  9304 | D:8      | Reached skill level 5 in Poison Magic
  9304 | D:8      | Reached XP level 11. HP: 65/81 MP: 22/22
  9452 | D:8      | Noticed an angel
  9456 | D:8      | Found a shimmering altar of Xom.
  9977 | D:9      | Found a flagged portal.
  9991 | Bailey   | Entered a bailey
 10200 | Bailey   | Reached XP level 12. HP: 91/91 MP: 24/24
 10206 | Bailey   | Reached XP level 13. HP: 98/98 MP: 24/26
 10232 | Bailey   | Reached ***** piety under Vehumet
 10273 | Bailey   | Offered knowledge of Ozocubu's Refrigeration by Vehumet.
 10439 | D:9      | Noticed Harold
 10451 | D:9      | Killed Harold
 10456 | D:9      | Found a staircase to the Lair.
 10583 | D:9      | Found a staircase to the Orcish Mines.
 10951 | D:9      | Found a stormy altar of Qazlal.
 11278 | D:10     | Entered Level 10 of the Dungeon
 11566 | D:10     | Noticed a fire dragon
 11566 | D:10     | Found the +7 great mace "Firestarter" {flame, immolate,
                  | rFlCloud rF++}
 11649 | D:10     | Reached skill level 10 in Summonings
 11675 | D:10     | Learned a level 4 spell: Passage of Golubria
 11710 | D:10     | Killed a fire dragon
 11841 | D:10     | Identified the +3 trident of Denwuv {antimagic, Str+4}
 12188 | D:10     | Found a radiant altar of Vehumet.
 12188 | D:10     | Found a snail-covered altar of Cheibriados.
 12286 | D:11     | Found a transporter.
 12367 | D:11     | Found a frozen archway.
 12389 | IceCv    | Entered an ice cave
 12567 | IceCv    | Noticed a white draconian
 12579 | IceCv    | Killed a white draconian
 12580 | IceCv    | Reached skill level 10 in Spellcasting
 12627 | IceCv    | Identified the ring of the Everdark {rN+ Str+6 Int+3}
 12732 | IceCv    | Identified the +0 chain mail of Activism {Str+2 Int+2 Dex-2
                  | Slay+3}
 13344 | D:11     | Found a transporter.
 13345 | D:11     | Found a corrupted altar of Lugonu.
 13701 | D:12     | Reached skill level 10 in Dodging
 13791 | D:12     | Reached XP level 14. HP: 101/106 MP: 25/28
 14149 | D:12     | Reached skill level 10 in Stealth
 14806 | D:13     | Reached skill level 10 in Invocations
 15560 | D:13     | Identified a scroll of acquirement
 15560 | D:13     | Acquired 849 gold pieces
 15581 | D:13     | Found a gate to the Vaults.
 15595 | D:13     | Learned a level 6 spell: Plasma Beam
 15789 | D:14     | Noticed Agnes
 15806 | D:14     | Reached ****** piety under Vehumet
 15815 | D:14     | Killed Agnes
 16158 | Abyss:3  | Cast into level 3 of the Abyss (a wizard)
 16218 | Abyss:3  | Gained mutation: You are frail. (-10% HP) [a neqoxec]
 16253 | Abyss:3  | Noticed a starcursed mass
 16262 | Abyss:3  | HP: 3/97 [something (30)]
 16270 | Abyss:3  | Noticed a lorocyproca
 16274 | Abyss:3  | Noticed a lich
 16277 | Abyss:3  | Killed a lorocyproca
 16284 | Abyss:3  | Killed a lich
 16287 | Abyss:3  | Offered knowledge of Olgreb's Toxic Radiance by Vehumet.
 16483 | Abyss:3  | Noticed a white very ugly thing
 16492 | Abyss:3  | Killed a white very ugly thing
 16602 | Abyss:3  | Noticed a tentacled starspawn
 16612 | Abyss:3  | Killed a tentacled starspawn
 16684 | Abyss:3  | Noticed a deep elf elementalist
 16684 | Abyss:3  | Noticed a starcursed mass
 16703 | Abyss:3  | Slain by an earth elemental

Illustrated notes

Levels and vault maps discovered:
D:1:      minmay_arrival_diagonal_passages, layout_basic,
          dreamdust_ecumenical_altar_drowned_temple, minmay_tall_x
D:2:      layout_loops_corners, uniq_terence
D:3:      layout_basic, demons_altar, uniq_robin, uniq_crazy_yiuf_cottage
D:4:      layout_loops_corners, minmay_temple_entry_statues_pillars,
          minmay_fractal_squares_diagonal_5
D:5:      layout_cave_pools
D:6:      old_forge, layout_basic, uniq_eustachio
D:7:      minmay_the_grid_octo_tiled_octocenter [minmay_the_grid_octo_odd_swirl,
          minmay_the_grid_octo_teeth, minmay_the_grid_octo_77,
          minmay_the_grid_octo_horde, minmay_the_grid_octo_prize_single_spiral,
          minmay_the_grid_square_5x5_two_walls_b,
          minmay_the_grid_square_5x5_sharp_hourglass,
          minmay_the_grid_square_5x5_almost_minimal,
          minmay_the_grid_square_5x5_eight_small], layout_cave_pools,
          roderic_filled_cross, minmay_crystal_room, nicolae_shop_self_help,
          uniq_menkaure, uniq_maggie, uniq_prince_ribbit1
D:8:      layout_basic, grunt_temple_overflow_order_and_chaos_1
D:9:      layout_small_grid, mainiacjoe_overflow_alcove_2, david_lair_shrubbed,
          zombieorc2_lemuel, enter_bailey_6, uniq_harold
D:10:     minmay_firetagon, layout_basic, gammafunk_temple_overflow_pools
D:11:     gammafunk_corrupted_shrine, layout_loops_ring,
          portal_ice_cave_entry_pillars_1
D:12:     layout_irregular_city
D:13:     layout_small_grid, david_vaults_2
D:14:     layout_layer_cave, nicolae_sif_muna_condensation, uniq_frances,
          uniq_agnes, uniq_josephine
Temple:   nicolae_temple_x_marks_the_god
Abyss:3:  base: D:1, hangedman_abyss_mock_shop, hangedman_abyss_lost_library,
          evilmike_abyss_exit_7

Skill      XL: |  1  2  3  4  5  6  7  8  9 10 11 12 13 14 |
---------------+-------------------------------------------+-----
Spellcasting   | 5 6 7 8 9 10 | 10.9
Invocations    | 1 2 3 4 5 6 7 8 9 10 | 10.6
Fighting       | 1 2 3 5 6 7 8 9 |  9.7
Short Blades   | 1 2 3 5 6 7 8 9 |  9.7
Long Blades    | 1 2 3 5 6 7 8 9 |  9.7
Axes           | 1 2 3 5 6 7 8 9 |  9.7
Maces & Flails | 1 2 3 5 6 7 8 9 |  9.7
Polearms       | 1 2 3 5 6 7 8 9 |  9.7
Staves         | 1 2 3 5 6 7 8 9 |  9.7
Ranged Weapons | 1 2 3 5 6 7 8 9 |  9.7
Throwing       | 1 2 3 5 6 7 8 9 |  9.7
Armour         | 1 2 3 5 6 7 8 9 |  9.7
Shields        | 1 2 3 5 6 7 8 9 |  9.7
Unarmed Combat | 1 2 3 5 6 7 8 9 |  9.7
Evocations     | 1 2 3 5 6 7 8 9 |  9.7
Conjurations   | 1 2 3 4 5 6 7 8 |  8.1
Hexes          | 1 2 3 4 5 6 7 8 |  8.1
Necromancy     | 1 2 3 4 5 6 7 8 |  8.1
Translocations | 1 2 3 4 5 6 7 8 |  8.1
Transmutations | 1 2 3 4 5 6 7 8 |  8.1
Fire Magic     | 1 2 3 4 5 6 7 8 |  8.1
Ice Magic      | 1 2 3 4 5 6 7 8 |  8.1
Air Magic      | 1 2 3 4 5 6 7 8 |  8.1
Earth Magic    | 1 2 3 4 5 6 7 8 |  8.1
Poison Magic   | 1 2 3 4 5 6 7 8 |  8.1
Dodging        | 5 6 7 8 9 10 | 10.8
Stealth        | 5 6 7 8 9 10 | 10.6
Summonings     | 8 9 10 | 10.8

Action                     |  1- 3 |  4- 6 |  7- 9 | 10-12 | 13-15 || total
---------------------------+-------+-------+-------+-------+-------++-------
  Melee: Unarmed           |     9 |       |       |       |       ||     9
         Bite              |     2 |     5 |    11 |     1 |    21 ||    40
         Hand axe          |    31 |    49 |       |       |       ||    80
         Dagger            |       |    15 |    79 |     4 |       ||    98
         Great mace        |       |       |       |       |   166 ||   166
   Fire: Sling             |       |       |       |     9 |    39 ||    48
   Cast: Summon Small Mamm |    27 |    23 |     1 |       |       ||    51
         Foxfire           |    44 |    81 |   133 |    46 |   160 ||   464
         Call Imp          |       |    15 |    22 |    20 |    55 ||   112
         Call Canine Famil |       |     1 |    27 |    22 |    56 ||   106
         Summon Guardian G |       |       |     4 |    24 |    52 ||    80
         Passage of Golubr |       |       |       |       |     2 ||     2
         Plasma Beam       |       |       |       |       |     1 ||     1
Ability: Evoke Blink       |       |       |       |       |     1 ||     1
    Use: Scroll            |       |       |     6 |     5 |    20 ||    31
         Potion            |       |       |     1 |     2 |    15 ||    18
   Stab: Sleeping          |       |     3 |     1 |       |       ||     4
         Distracted        |       |     2 |       |       |     2 ||     4
 Armour: Robe              |    14 |    11 |    26 |     7 |       ||    58
         Troll leather arm |       |       |       |       |    67 ||    67
         Chain mail        |       |       |       |       |    74 ||    74
  Dodge: Dodged            |    45 |    53 |    66 |    13 |   184 ||   361
         Repelled          |       |       |       |       |     9 ||     9
